 Dungeon Crawl Stone Soup version 0.30-a0-358-g0d69a1922f (webtiles) character file.

Game seed: 3172163476658011637

5234 Ijustatesigmund the Thaumaturge (level 10, 0/56 HPs)
             Began as a Deep Elf Necromancer on Nov 10, 2022.
             Was a Follower of Makhleb.
             Slain by a vampire (9 damage)
             ... on level 9 of the Dungeon on Nov 11, 2022.
             The game lasted 00:37:19 (11535 turns).

Ijustatesigmund the Thaumaturge (DENe)             Turns: 11535, Time: 00:37:20

Health: 0/56       AC:  8    Str:  5    XL:     10   Next: 35%
Magic:  27/27      EV: 15    Int: 25    God:    Makhleb [*.....]
Gold:   508        SH:  0    Dex: 15    Spells: 20/31 levels left

rFire   . . .      SeeInvis .    d - +2 halberd (flame)
rCold   . . .      Faith    .    (shield currently unavailable)
rNeg    . . .      Spirit   .    a - +0 steam dragon scales
rPois   .          Reflect  .    k - +1 helmet
rElec   .          Harm     .    (no cloak)
rCorr   .          Rampage  .    p - +0 pair of gloves
Will    +....                    (no boots)
Stlth   +.........               (no amulet)
HPRegen 0.29/turn                (no ring)
MPRegen 0.20/turn                (no ring)

@: confused, mighty
A: no striking features
a: Renounce Religion


You were on level 9 of the Dungeon.
You worshipped Makhleb.
Makhleb was aware of your devotion.
You visited 2 branches of the dungeon, and saw 10 of its levels.

You collected 544 gold pieces.
You spent 36 gold pieces at shops.

Inventory:

Hand Weapons
 d - a +2 halberd of flaming (weapon)
Missiles
 l - a throwing net
Armour
 a - +0 steam dragon scales (worn)
 k - a +1 helmet (worn)
 p - a +0 pair of gloves (worn)
Magical Staves
 e - a staff of earth
Wands
 h - a wand of flame (14)
Scrolls
 m - a scroll of magic mapping
Potions
 b - a potion of magic
 j - a potion of invisibility
 n - a potion of cancellation
 o - 3 potions of flight
 r - 4 potions of brilliance


   Skills:
 - Level 4.1 Fighting
 - Level 2.0 Armour
 - Level 6.2 Dodging
 - Level 2.4 Stealth
 + Level 11.3 Spellcasting
 + Level 10.4 Necromancy
 - Level 3.0 Air Magic
 - Level 3.2 Poison Magic
 + Level 3.4 Invocations
 - Level 4.2 Evocations


You had 20 spell levels left.
You knew the following spells:

 Your Spells              Type           Power      Damage    Failure   Level
a - Necrotise             Necr           100%       1d9       1%          1
b - Vampiric Draining     Necr           61%        2d10      1%          3
c - Agony                 Necr           61%        N/A       1%          5
d - Poisonous Vapours     Pois/Air       58%        N/A       1%          2

Your spell library contained the following spells:

 Spells                   Type           Power      Damage    Failure   Level
 Cigotuvi's Dreadful Rot  Necr/Pois/Air  84%        N/A       1%          2
 Animate Dead             Necr           61%        N/A       1%          4
 Slow                     Hex            56%        N/A       4%          1
 Mephitic Cloud           Conj/Pois/Air  24%        N/A       5%          3
 Confusing Touch          Hex            14%        N/A       13%         3


Dungeon Overview and Level Annotations

Branches:
Dungeon (9/15)             Temple (1/1) D:5
   Lair: D:8-11         Orc: D:9-12

Altars:
Ashenzari
Cheibriados
Dithmenos
Fedhas
Gozag
Hepliaklqana
Kikubaaqudgha
Makhleb
Nemelex Xobeh
Okawaru
Qazlal
Ru
Sif Muna
Trog
Uskayaw
Vehumet
Wu Jian
Xom
Yredelemnul
Zin
The Shining One
Jiyva

Shops:
D:1 [[?   D:3 =

Annotations:
D:2 Natasha
D:3 2 transporters, tailblues's ghost, weakling DgTm
D:8 2 transporters


Message History

You slash the killer bee! You burn the killer bee.
You kill the killer bee!
Makhleb accepts your kill.
You feel sick.
You hit something but do no damage.
You feel sick.
You hear some strange, mumbled words.
Something tries to affect you, but you resist.
Something hits you but does no damage. Something bites you.
Something draws strength from your injuries!
You hit something. You burn something.
You feel sick.
You are no longer poisoned.
A vampire appears from thin air!
Reactivating autopickup.
The vampire casts a spell.
The vampire flickers and vanishes!
Deactivating autopickup; reactivate with Ctrl-A.
You feel less attractive to monsters.
You miss something. Something hits you but does no damage. Something bites you.
Something draws strength from your injuries!
Something hits you! Something bites you but does no damage.
You closely miss something. Something hits you but does no damage.
Something bites you but does no damage.
You miss something. Something hits you!
* * * LOW HITPOINT WARNING * * *
Something bites you.
* * * LOW HITPOINT WARNING * * *
Something draws strength from your injuries!
You hear some strange, mumbled words.
You are confused.
It was a potion of might.
You feel very mighty all of a sudden. Something hits you.
* * * LOW HITPOINT WARNING * * *
Something bites you but does no damage.
You're too confused to move!
You hear some strange, mumbled words.
Something tries to affect you, but you resist.
You're too confused to move!
Something hits you but does no damage. Something bites you!
You die...

#.## #.# ..
##.#
#...#####..#
# #......##
#§####...#
#### #(###
###..####.#
#§#._.@.†.#
###..######
#### #§ #


There were no monsters in sight!

Vanquished Creatures
  Pikel (D:6)
  Maggie (D:7)
  A komodo dragon (D:6)
  A wyvern (D:8)
  3 yaks (D:9)
  3 steam dragons
  An acid dragon (D:8)
  Duvessa (D:6)
  2 water moccasins
  3 orc warriors
  2 ogres (D:6)
  2 centaurs
  A lemure (D:6)
  2 kobold brigands (D:8)
  4 bullfrogs
  2 necrophages
  2 gnoll sergeants (D:8)
  5 scorpions
  Dowan (D:7)
  A killer bee (D:9)
  A howler monkey (D:7)
  3 gnoll boudas
  3 jellies
  3 orc priests (D:5)
  5 hounds
  Natasha (twice) (D:2)
  2 iguanas (D:6)
  11 orc wizards
  17 gnolls
  8 adders
  A shadow imp (D:7)
  3 white imps
  An ufetubus (D:5)
  A worm zombie (D:5)
  2 worms
  3 dart slugs
  32 orcs
  7 ball pythons
  2 bats
  8 endoplasms
  A giant cockroach (D:2)
  8 goblins
  7 hobgoblins
  7 jackals
  4 quokkas
  6 frilled lizards
  16 kobolds
  2 rats
  A rat zombie (D:5)
206 creatures vanquished.

Vanquished Creatures (collateral kills)
  A gnoll (D:6)
  An orc (D:5)
  A rat (D:1)
3 creatures vanquished.

Grand Total: 209 creatures vanquished

Notes
Turn   | Place    | Note
-------+----------+-------------------------------------------
     0 | D:1      | Ijustatesigmund the Deep Elf Necromancer began the quest
                  | for the Orb.
     0 | D:1      | Reached XP level 1. HP: 10/10 MP: 6/6
   203 | D:1      | Reached skill level 5 in Necromancy
   252 | D:1      | Reached XP level 2. HP: 16/16 MP: 6/8
   346 | D:1      | Found Xanoib's Armour Boutique.
   439 | D:1      | Found Wiwn's Antique Armour Boutique.
   550 | D:1      | Reached skill level 1 in Fighting
   550 | D:1      | Reached XP level 3. HP: 13/20 MP: 5/10
   588 | D:1      | Found Aczibugg's Magic Scroll Shoppe.
   591 | D:1      | Bought a scroll of teleportation for 36 gold pieces
   602 | D:1      | Found a faded altar of an unknown god.
   900 | D:2      | Learned a level 3 spell: Vampiric Draining
  1076 | D:2      | Gained mutation: You are weak. (Str -2) [potion of
                  | mutation]
  1076 | D:2      | Lost mutation: You are weak. (Str -2) [potion of mutation]
  1159 | D:2      | Reached skill level 4 in Spellcasting
  1409 | D:2      | Noticed Natasha
  1414 | D:2      | Killed Natasha
  1415 | D:2      | Reached XP level 4. HP: 26/26 MP: 8/12
  1521 | D:2      | Noticed Natasha
  1527 | D:2      | Killed Natasha
  1721 | D:2      | Noticed Natasha
  1890 | D:3      | Noticed tailblues's ghost (weakling DgTm)
  1892 | D:3      | Found a transporter.
  1895 | D:3      | Found a transporter.
  2114 | D:3      | Found Niqum's Jewellery Boutique.
  2263 | D:3      | Found a basalt altar of Yredelemnul.
  2497 | D:3      | Reached XP level 5. HP: 30/30 MP: 11/14
  2503 | D:3      | Learned a level 5 spell: Agony
  2681 | D:4      | Reached skill level 5 in Spellcasting
  2681 | D:4      | Reached skill level 1 in Evocations
  2823 | D:4      | Reached XP level 6. HP: 27/35 MP: 5/16
  3444 | D:4      | Reached skill level 6 in Spellcasting
  3820 | D:5      | Entered Level 5 of the Dungeon
  3861 | D:5      | Reached XP level 7. HP: 40/40 MP: 14/18
  3896 | D:5      | Found a staircase to the Ecumenical Temple.
  3915 | Temple   | Entered the Ecumenical Temple
  4570 | D:5      | Reached skill level 7 in Spellcasting
  5394 | D:6      | Noticed a komodo dragon
  5407 | D:6      | Killed a komodo dragon
  5408 | D:6      | Reached skill level 8 in Spellcasting
  5408 | D:6      | Reached XP level 8. HP: 46/46 MP: 14/22
  6324 | D:6      | You fall into a shaft and drop 3 floors!
  6563 | D:6      | Reached skill level 9 in Spellcasting
  6637 | D:6      | Learned a level 2 spell: Poisonous Vapours
  6805 | D:6      | Reached skill level 1 in Poison Magic
  6964 | D:6      | Reached XP level 9. HP: 51/51 MP: 18/24
  7040 | D:6      | Reached skill level 1 in Air Magic
  7665 | D:7      | Noticed Dowan
  7669 | D:7      | Noticed Duvessa
  7676 | D:7      | Killed Dowan
  7926 | D:7      | Noticed Pikel
  7933 | D:6      | Killed Pikel
  7934 | D:6      | Reached skill level 5 in Dodging
  8023 | D:6      | Killed Duvessa
  8143 | D:6      | Reached skill level 10 in Spellcasting
  8720 | D:7      | Found a hide-covered altar of Uskayaw.
  8720 | D:7      | Noticed Maggie
  8731 | D:7      | Killed Maggie
  8813 | D:7      | Found a burning altar of Makhleb.
  8956 | D:7      | Became a worshipper of Makhleb the Destroyer
  9373 | D:8      | Found an opulent altar of Gozag.
  9373 | D:8      | Found an iron altar of Okawaru.
  9380 | D:8      | Found a sacrificial altar of Ru.
  9382 | D:8      | Found a glowing silver altar of Zin.
  9384 | D:8      | Found an ancient bone altar of Kikubaaqudgha.
  9531 | D:8      | Reached skill level 1 in Invocations
  9993 | D:8      | Found a transporter.
  9993 | D:8      | Found a transporter.
  9996 | D:8      | Found a viscous altar of Jiyva.
 10016 | D:8      | Reached XP level 10. HP: 28/56 MP: 11/26
 10130 | D:8      | Reached skill level 10 in Necromancy
 10256 | D:8      | Reached skill level 1 in Armour
 10259 | D:8      | Reached * piety under Makhleb
 10690 | D:8      | Found a shadowy altar of Dithmenos.
 10696 | D:8      | Found a sparkling altar of Nemelex Xobeh.
 10790 | D:8      | Reached skill level 11 in Spellcasting
 11510 | D:9      | Found an ornate altar of the Wu Jian Council.
 11535 | D:9      | Slain by a vampire

Illustrated notes

Levels and vault maps discovered:
D:1:      wander_arrival_estate, layout_rooms, ebering_ecumenical_altar_mist,
          serial_shops, nicolae_shop_trees, shop_statue, shop_fountains
D:2:      layout_loops_cross, uniq_natasha
D:3:      layout_basic, mainiacjoe_overflow_concentric_impassable,
          gammafunk_ghost_arena, serial_shops, shop
D:4:      layout_basic, serial_bayou, serial_bayou_lagoon_b,
          serial_bayou_pond_e, serial_bayou_pond_b, serial_bayou_shore_a
D:5:      layout_gridville, minmay_temple_entry_grid, enter_ossuary_3
D:6:      layout_layer_cave
D:7:      layout_rooms, gammafunk_temple_overflow_pools, uniq_pikel,
          uniq_maggie, uniq_duvessa
D:8:      gammafunk_jiyva_shrine, layout_gridville,
          mainiacjoe_overflow_large_starburst,
          chequers_temple_overflow_minitemple
D:9:      layout_rooms, pdpol_wu_jian_five_deadly_venoms,
          erik_lair_orcish_takeover
Temple:   hellmonk_temple_beads

Skill      XL: |  1  2  3  4  5  6  7  8  9 10 |
---------------+-------------------------------+-----
Necromancy     | 5 6 7 8 9 10 | 10.4
Fighting       | 1 2 3 4 |  4.1
Spellcasting   | 4 5 6 8 9 10 11 | 11.3
Evocations     | 2 3 4 |  4.2
Dodging        | 4 6 |  6.2
Poison Magic   | 1 3 |  3.2
Air Magic      | 3 |  3.0
Invocations    | 1 3 |  3.4
Armour         | 2 |  2.0
Stealth        | |  2.4

Action                   |  1- 3 |  4- 6 |  7- 9 | 10-12 || total
-------------------------+-------+-------+-------+-------++-------
Melee: Staff             |     7 |       |       |       ||     7
       War axe           |       |    24 |    33 |       ||    57
       Punch             |       |     1 |     2 |       ||     3
       Flail             |       |       |    73 |       ||    73
       Halberd           |       |       |    29 |    62 ||    91
 Cast: Necrotise         |    76 |    71 |   152 |     7 ||   306
       Vampiric Draining |       |     7 |    67 |    24 ||    98
       Poisonous Vapours |       |       |    36 |    17 ||    53
Evoke: Wand              |       |     5 |     3 |       ||     8
  Use: Scroll            |     3 |     7 |     6 |     4 ||    20
       Potion            |     1 |     2 |     7 |     9 ||    19
 Stab: Sleeping          |       |     3 |     3 |     1 ||     7
Armor: Robe              |     3 |     7 |    39 |       ||    49
       Skin              |       |     7 |       |    54 ||    61
       Steam dragon scal |       |       |    47 |    30 ||    77
Dodge: Dodged            |    14 |    35 |   201 |    86 ||   336

Table legend: (Time is in decaauts)
 A = Elapsed time spent in this place.
 B = Non-inter-level travel time spent in this place.
 C = Inter-level travel time spent in this place.
 D = Time resting spent in this place.
 E = Time spent auto-exploring this place.
 F = Levels seen in this place.
 G = Mean time per level.
                   A        B        C        D        E       F      G
               +--------+--------+--------+--------+--------+-----+--------+
         Total |  11652 |  11325 |    327 |   3043 |   6483 |  10 | 1165.2 |
       Dungeon |  11543 |  11227 |    316 |   3043 |   6395 |   9 | 1282.6 |
        Temple |    109 |     98 |     11 |      0 |     88 |   1 |  109.0 |
               +--------+--------+--------+--------+--------+-----+--------+

Top non-repeatable levels by time:
     D:6: 2675 daAuts
     D:8: 2063 daAuts
     D:5: 1475 daAuts
     D:4: 1242 daAuts
     D:2: 1134 daAuts
     D:7: 867 daAuts
     D:3: 755 daAuts
     D:1: 719 daAuts
     D:9: 609 daAuts
  Temple: 109 daAuts
